 Dungeon Crawl Stone Soup version 0.18-a0-1575-g920359c (webtiles) character file.

924 4thArraOfDagon the Covert (level 8, -2/67 HPs)
             Began as a Naga Enchanter on Mar 16, 2016.
             Was a Believer of Cheibriados.
             Slain by a hippogriff (6 damage)
             ... on level 7 of the Dungeon.
             The game lasted 00:13:27 (1803 turns).

4thArraOfDagon the Covert (Naga Enchanter)          Turns: 1803, Time: 00:13:28

Health: -2/67      AC:  5    Str: 20    XL:     8   Next: 10%
Magic:  8/20       EV: 11    Int: 22    God:    Cheibriados [**....]
Gold:   125        SH:  0    Dex: 15    Spells: 3 memorised, 5 levels left

rFire  . . .     SeeInvis +     C - +1 rapier (elec)
rCold  + . .     Gourm    .     b - +1 robe
rNeg   . . .     Faith    .     (no shield)
rPois  +         Spirit   .     (no helmet)
rElec  .         Dismiss  .     (no cloak)
rCorr  .         Reflect  .     u - +0 pair of gloves
SustAt .         Harm     .     (no barding)
MR     ++...                    (no amulet)
Stlth  ++++......               o - ring of Yrghiblach {rC+ MR+ Str+5 SInv}
                                g - ring of magical power

@: very slow, very resistant to hostile enchantments, stealthy
A: see invisible, deformed body, poison resistance, slowness 2, slow metabolism
1, spit poison 2, AC +2
a: Spit Poison, Bend Time, Renounce Religion


You were on level 7 of the Dungeon.
You worshipped Cheibriados.
Cheibriados was pleased with you.
You were not hungry.

You visited 1 branch of the dungeon, and saw 6 of its levels.

You collected 125 gold pieces.

Inventory:

Hand Weapons
 a - a +1 dagger
 i - a +0 falchion
 l - a +2 dagger of freezing
 y - a +0 dagger of venom
 C - a +1 rapier of electrocution (weapon)
Armour
 b - a +1 robe (worn)
 u - a +0 pair of gloves (worn)
Jewellery
 g - a ring of magical power (left hand)
 o - the ring of Yrghiblach (right hand) {rC+ MR+ Str+5 SInv}
   (You found it on level 5 of the Dungeon)

   [ring of strength]

   It affects your strength (+5).
   It protects you from cold.
   It affects your resistance to hostile enchantments.
   It lets you see invisible.
Wands
 n - a wand of polymorph (9/24)
Scrolls
 m - a scroll of blinking {unknown}
Potions
 e - a potion of cure mutation {unknown}
 j - a potion of resistance
 k - a potion of mutation {unknown}
 t - 2 potions of haste
 x - a potion of lignification {unknown}
Books
 c - a book of Maledictions

   Spells                             Type                      Level
   a - Corona                         Hexes                        1
   b - Ensorcelled Hibernation        Hexes/Ice                    2
   c - Confuse                        Hexes                        3
   d - Tukima's Dance                 Hexes                        3
   e - Dazzling Spray                 Conjuration/Hexes            3
 p - a book of Enchantments

   Spells                             Type                      Level
   a - Cause Fear                     Hexes                        4
   b - Yara's Violent Unravelling     Hexes/Transmutation          5
   c - Silence                        Hexes/Air                    5
   d - Deflect Missiles               Charms/Air                   6
   e - Haste                          Charms                       6
   f - Discord                        Hexes                        8
Comestibles
 d - 8 bread rations
 f - 2 chunks of flesh
 v - a meat ration
 w - 3 fruits


   Skills:
 + Level 2.1 Fighting
 - Level 2.0(4.1) Short Blades
 * Level 5.6(5.8) Long Blades
 + Level 2.6 Dodging
 + Level 8.0 Stealth
 - Level 2.0 Spellcasting
 - Level 3.0 Hexes
 - Level 2.3 Ice Magic
 + Level 2.1 Invocations


You had 5 spell levels left.
You knew the following spells:

 Your Spells              Type           Power        Failure   Level  Hunger
a - Corona                Hex            ###....      4%          1    #......
b - Ensorcelled Hibernat  Hex/Ice        ##....       10%         2    ##.....
c - Confuse               Hex            ###.....     12%         3    ###....


Dungeon Overview and Level Annotations

Branches:
Dungeon (5/15)
 Temple: D:4-7

Altars:
Cheibriados
Okawaru
Pakellas
Yredelemnul

Portals:
Bailey: D:7

Annotations:
D:4 Purgy; namelastname112's ghost, amateur DrAs


Innate Abilities, Weirdness & Mutations

You cannot wear boots.
Your serpentine skin is tough (AC +2).
You have supernaturally acute eyesight.
Armour fits poorly on your strangely shaped body.
Your system is resistant to poisons.
You cover ground very slowly.
You have a slow metabolism.
You can spit poison.


Message History

Confirm with . or Enter, or press ? or * to list all spells.
Aiming: Ensorcelled Hibernation
Press: ? - help, Shift-Dir - straight line, f - hippogriff
Aim: a hippogriff (moderately wounded, chance to defeat MR: 44%)
The hippogriff resists with some effort.
The hippogriff closely misses you.
The hippogriff pecks you but does no damage.
The hippogriff claws you.
* * * LOW HITPOINT WARNING * * *
Unknown command.
Unknown command.
Casting: Ensorcelled Hibernation
Confirm with . or Enter, or press ? or * to list all spells.
Aiming: Ensorcelled Hibernation
Press: ? - help, Shift-Dir - straight line, f/p - hippogriff
Aim: a hippogriff (moderately wounded, chance to defeat MR: 44%)
The hippogriff resists with some effort.
The hippogriff bites you but does no damage.
The hippogriff misses you. The hippogriff claws you.
You die...

.... #............. ...#
#######..........)..
...###.....+.........)∩).
...........#..........)..
##.......................
##............###'###...
##............# #.#
##.........######H#
.'............<.@.#
##....†/.........##
.#...............#
.#................
..................
.......########....
..###### ##### ..# ..##


You could see a hippogriff.

Vanquished Creatures
  Sigmund (D:4)
  Eustachio (D:4)
  A giant frog (D:7)
  2 scorpions
  2 howler monkeys (D:7)
  Jessica (D:2)
  2 iguanas
  4 worker ants
  A hound zombie (D:7)
  Robin (D:2)
  6 gnolls
  6 adders
  An ooze (D:1)
  2 worms (D:2)
  A giant gecko (D:3)
  2 orcs
  A ball python (D:2)
  A giant cockroach (D:1)
  13 goblins
  7 hobgoblins
  2 jackals (D:1)
  5 quokkas
  5 bats
  A giant gecko skeleton (D:4)
  4 giant newts
  A kobold (D:3)
  2 rats (D:1)
76 creatures vanquished.

Notes
Turn   | Place    | Note
--------------------------------------------------------------
     0 | D:1      | 4thArraOfDagon the Naga Enchanter began the quest for the Orb.
     0 | D:1      | Reached XP level 1. HP: 15/15 MP: 3/3
   197 | D:1      | Reached XP level 2. HP: 22/22 MP: 5/5
   203 | D:1      | Learned a level 2 spell: Ensorcelled Hibernation
   330 | D:3      | Found an oddly glowing altar of Pakellas.
   331 | D:3      | Found a basalt altar of Yredelemnul.
   421 | D:3      | Reached skill level 1 in Ice Magic
   421 | D:3      | Reached XP level 3. HP: 25/28 MP: 6/6
   470 | D:2      | Reached skill level 1 in Long Blades
   504 | D:2      | Found an oddly glowing altar of Pakellas.
   566 | D:4      | Reached skill level 5 in Stealth
   590 | D:3      | Reached XP level 4. HP: 36/36 MP: 7/7
   676 | D:5      | Entered Level 5 of the Dungeon
   686 | D:5      | Got an ancient golden ring
   687 | D:5      | Identified the ring of Yrghiblach {rC+ MR+ Str+5 SInv} (You found it on level 5 of the Dungeon)
   710 | D:4      | Learned a level 3 spell: Confuse
   751 | D:4      | Reached XP level 5. HP: 42/42 MP: 8/8
   805 | D:4      | Found a snail-covered altar of Cheibriados.
   816 | D:4      | Noticed Purgy
   816 | D:4      | Noticed namelastname112's ghost (amateur DrAs)
   821 | D:4      | Became a worshipper of Cheibriados the Contemplative
   822 | D:4      | MEH
   874 | D:4      | Noticed Sigmund
   882 | D:4      | Killed Sigmund
   882 | D:4      | Reached skill level 6 in Stealth
   882 | D:4      | Reached XP level 6. HP: 30/49 MP: 9/9
   940 | D:3      | Reached skill level 7 in Stealth
  1004 | D:2      | Noticed Jessica
  1011 | D:2      | Killed Jessica
  1078 | D:2      | Reached XP level 7. HP: 50/56 MP: 5/10
  1287 | D:1      | Reached * piety under Cheibriados
  1320 | D:2      | Noticed Robin
  1343 | D:2      | Killed Robin
  1537 | D:4      | Noticed Eustachio
  1548 | D:4      | Killed Eustachio
  1548 | D:4      | Reached skill level 1 in Fighting
  1548 | D:4      | Reached skill level 5 in Long Blades
  1548 | D:4      | Reached skill level 1 in Invocations
  1651 | D:4      | You fall through a shaft for 3 floors!
  1664 | D:7      | Noticed a hippogriff
  1692 | D:7      | Found an iron altar of Okawaru.
  1742 | D:7      | Reached ** piety under Cheibriados
  1783 | D:7      | Reached XP level 8. HP: 39/67 MP: 5/11
  1794 | D:7      | Found a flagged portal.
  1799 | D:7      | Reached skill level 8 in Stealth
  1803 | D:7      | Slain by a hippogriff

Vault maps used:
D:1:      lightli_arrival_statue_moat, eino_curves_01, minmay_cut_off
D:2:      lemuel_blue_sif_altar, grunt_pakellas_sulfur, uniq_jessica, uniq_robin
D:3:      nemelex_altar_shiori, gammafunk_temple_overflow_pools, first_bread,
          hex_medium
D:4:      old_standard_altar, kennysheep_dice, uniq_eustachio, uniq_sigmund,
          uniq_purgy
D:5:      guppyfry_shop_venom, uniq_menkaure
D:7:      minmay_temple_entry_enclosed_plants, enter_bailey_2, minivault_25,
          grunt_livestock, okawaru_trees_2, uniq_crazy_yiuf_cottage

Skill      XL: |  1  2  3  4  5  6  7  8 |
---------------+-------------------------+-----
Short Blades   | 2 |  2.0
Ice Magic      | 1 2 |  2.3
Long Blades    | 1 2 4 5 |  5.6
Stealth        | 5 6 7 8 |  8.0
Dodging        | 2 |  2.6
Fighting       | 1 2 |  2.1
Invocations    | 1 2 |  2.1
Spellcasting   | |  2.0
Hexes          | |  3.0

Action                   |  1- 3 |  4- 6 |  7- 9 || total
-------------------------+-------+-------+-------++-------
Melee: Dagger            |    38 |    24 |    36 ||    98
       Rapier            |       |       |    10 ||    10
 Cast: Ensorcelled Hiber |     8 |    20 |    26 ||    54
       Corona            |       |       |     2 ||     2
 Abil: Spit Poison       |    11 |     7 |     6 ||    24
Evoke: Wand              |       |       |     2 ||     2
  Use: Scroll            |       |     1 |     4 ||     5
       Potion            |       |       |     4 ||     4
 Stab: Sleeping          |    14 |    14 |    20 ||    48
  Eat: Chunk             |       |     3 |     4 ||     7
